 Dungeon Crawl Stone Soup version 0.30-a0-972-gf3ab3527aa (webtiles) character file.

Game seed: 9551685724559914267

70 retardedninja the Trooper (level 4, -1/42 HPs)
             Began as a Naga Fighter on Mar 31, 2023.
             Slain by an iguana (6 damage)
             ... on level 3 of the Dungeon.
             The game lasted 00:02:07 (2153 turns).

retardedninja the Trooper (Naga Fighter)            Turns: 2153, Time: 00:02:07

Health: -1/42      AC:  5    Str: 27    XL:     4   Next: 21%
Magic:  4/4        EV:  6    Int:  8    God:
Gold:   106        SH:  8    Dex: 10    Spells: 3/3 levels left

rFire   . . .      SeeInvis +    a - +0 war axe
rCold   . . .      Faith    .    l - +0 kite shield
rNeg    . . .      Spirit   .    b - +0 scale mail
rPois   +          Reflect  .    (no helmet)
rElec   .          Rampage  .    (no cloak)
rCorr   .                        (no gloves)
Will    .....                    (no barding) Stlth
                                 (no amulet)
HPRegen 0.27/turn                g - +6 ring of strength
MPRegen 0.09/turn                (no ring)

@: very slow
A: AC +1, large, see invisible, deformed body, poison resistance, slowness 2,
spit poison 1, naga tail 1
a: Spit Poison


You were on level 3 of the Dungeon.
You visited 1 branch of the dungeon, and saw 4 of its levels.

You collected 106 gold pieces.

Inventory:

Hand Weapons
 a - a +0 war axe (weapon)
Armour
 b - a +0 scale mail (worn)
 l - a +0 kite shield (worn)
Jewellery
 g - a +6 ring of strength (left hand)
 m - a ring of positive energy
Scrolls
 f - a scroll of enchant armour {unknown}
 h - 3 scrolls of teleportation {unknown}
 i - 2 scrolls of vulnerability {unknown}
 j - a scroll of silence {unknown}
 p - a scroll of butterflies {unknown}
 q - a scroll of identify {unknown}
 r - a scroll of amnesia {unknown}
 s - a scroll of enchant weapon {unknown}
Potions
 c - 2 potions of curing {unknown}
 d - 2 potions of might
 e - 2 potions of attraction {unknown}
 k - 2 potions of ambrosia {unknown}
 n - a potion of heal wounds {unknown}
 o - a potion of degeneration {unknown}


   Skills:
 + Level 3.5 Fighting
 + Level 2.7 Axes
 + Level 2.9 Armour
 + Level 3.2 Shields


You had 3 spell levels left.
You didn't know any spells.
Your spell library contained the following spells:

 Spells                   Type           Power      Damage    Failure   Level
 Cigotuvi's Dreadful Rot  Necr/Pois/Air  0%         N/A       98%         2
 Poisonous Vapours        Pois/Air       0%         N/A       98%         2
 Mephitic Cloud           Conj/Pois/Air  0%         N/A       100%        3
 Freezing Cloud           Conj/Ice/Air   0%         6-21      100%        5
 Simulacrum               Ice/Necr       0%         N/A       100%        6
 Polar Vortex             Ice            0%         N/A       100%        9


Dungeon Overview and Level Annotations

Branches:
Dungeon (4/15)
 Temple: D:4-7

Altars:

Shops:
D:3 :

Annotations:
D:3 1 runed translucent door, Ahpoh's ghost, amateur GrGl


Innate Abilities, Weirdness & Mutations

Your serpentine skin is tough. (AC +1)
You have supernaturally acute eyesight. (SInv)
Armour fits poorly on your strangely shaped body.
Your system is resistant to poisons. (rPois)
You cover ground very slowly.
You can spit poison.
You have a snake-like lower body.


Message History

The orc hits you with a +0 whip. The hound attacks as you move away!
The hound barely misses you. The hound completely misses you.
The hound bites you. The orc attacks as you move away!
The orc barely misses you. The hound closely misses you. The hound bites you.
You block the hound's attack.
There is a stone staircase leading up, spattered with blood here.
The hound bites you but does no damage. You block the iguana's attack.
The hound bites you but does no damage.
You climb upwards.
Level annotation: 1 runed translucent door, Ahpoh's ghost, amateur GrGl
There is a stone staircase leading down here.
You barely miss the hound. You closely miss the hound. You hit the iguana.
The hound barely misses you. The hound bites you.
You block the iguana's attack. The hound bites you.
The hound bites you but does no damage. The iguana bites you.
The hound bites you.
You hit the hound.
The hound is lightly wounded.
You barely miss the hound. You hit the iguana but do no damage.
The hound barely misses you. The hound bites you. x2
The iguana barely misses you.
The hound bites you but does no damage. x2
You closely miss the hound.
The hound is lightly wounded.
You slash the hound! You hit the iguana but do no damage.
The hound barely misses you. The hound bites you.
You block the iguana's attack. The hound completely misses you.
The hound bites you but does no damage.
The iguana bites you but does no damage.
You completely miss the hound.
The hound is lightly wounded.
You barely miss the hound. You hit the iguana but do no damage.
The hound bites you.
* * * LOW HITPOINT WARNING * * *
The hound bites you.
* * * LOW HITPOINT WARNING * * *
The hound bites you.
* * * LOW HITPOINT WARNING * * *
The iguana bites you.
You die...

#.####
###########.....
#...........####
#...........##..
#..[........##.#
######...........##.#
#....#########.####.#
#..h...........).....
#..l@................
#...h##.######.######
#....##.# #.######
##....##.# #.#.....
#........# #.#.....
#........######.#.....
#.....................
#.....................
#................#####


You could see an iguana and 2 hounds.

Vanquished Creatures
  2 adders (D:3)
  A dart slug (D:2)
  An orc (D:4)
  9 ball pythons
  5 bats
  4 endoplasms
  A giant cockroach (D:1)
  4 goblins (D:1)
  4 hobgoblins
  3 jackals (D:1)
  A frilled lizard (D:1)
  6 kobolds
  3 rats
44 creatures vanquished.

Notes
Turn   | Place    | Note
-------+----------+-------------------------------------------
     0 | D:1      | retardedninja the Naga Fighter began the quest for the Orb.
     0 | D:1      | Reached XP level 1. HP: 21/21 MP: 1/1
    75 | D:1      | Reached XP level 2. HP: 20/28 MP: 2/2
   606 | D:1      | Reached XP level 3. HP: 27/34 MP: 3/3
  1129 | D:2      | Found a faded altar of an unknown god.
  1609 | D:3      | Found Mudgh's Vocational Training.
  1848 | D:3      | Noticed Ahpoh's ghost (amateur GrGl)
  1849 | D:3      | Found a runed translucent door.
  1913 | D:3      | Reached XP level 4. HP: 41/42 MP: 4/4
  2087 | D:3      | Identified the +0 ring mail of the Nexus {Harm Str+3 Int+7
                  | Dex-5}
  2153 | D:3      | Slain by an iguana

Illustrated notes

Levels and vault maps discovered:
D:1:      minmay_arrival_jagged, layout_basic, amcnicky_mini_corridor_feature,
          minmay_misc_feat_encased
D:2:      layout_basic, shapermc_ecumenical_altar_flowoftime
D:3:      layout_basic, gammafunk_ghost_grave, nicolae_shop_vocational
D:4:      layout_cave_pools, nicolae_overflow_crystal_walls, lemuel_doored_altar

Skill      XL: |  1  2 |
---------------+-------+-----
Shields        | 3 |  3.2
Fighting       | |  3.5
Axes           | |  2.7
Armour         | |  2.9

Action                     |  1- 3 |  4- 6 || total
---------------------------+-------+-------++-------
  Melee: War axe           |    98 |    12 ||   110
 Armour: Scale mail        |    54 |    12 ||    66
  Dodge: Dodged            |    45 |    11 ||    56
  Block: Buckler           |    16 |       ||    16
         Kite shield       |    14 |    10 ||    24

Table legend: (Time is in decaauts)
 A = Elapsed time spent in this place.
 B = Non-inter-level travel time spent in this place.
 C = Inter-level travel time spent in this place.
 D = Time resting spent in this place.
 E = Time spent auto-exploring this place.
 F = Levels seen in this place.
 G = Mean time per level.
                   A        B        C        D        E       F      G
               +--------+--------+--------+--------+--------+-----+--------+
         Total |   2888 |   2841 |     47 |      0 |   2472 |   4 |  722.0 |
       Dungeon |   2888 |   2841 |     47 |      0 |   2472 |   4 |  722.0 |
               +--------+--------+--------+--------+--------+-----+--------+

Top non-repeatable levels by time:
     D:2: 1164 daAuts
     D:1: 991 daAuts
     D:3: 712 daAuts
     D:4: 20 daAuts
